 Dungeon Crawl Stone Soup version 0.18.1-8-gdd0e5ea (webtiles) character file.

3041 lightmor the Carver (level 9, -1/75 HPs)
             Began as a Deep Dwarf Fighter on May 18, 2016.
             Succumbed to an orc wizard's poison
             ... on level 8 of the Dungeon on May 22, 2016.
             The game lasted 00:23:01 (6901 turns).

lightmor the Carver (Deep Dwarf Fighter)            Turns: 6901, Time: 00:23:02

Health: -1/75      AC:  6    Str: 24    XL:     9   Next: 56%
Magic:  7/7        EV:  9    Int:  8    God:
Gold:   302        SH: 14    Dex: 12    Spells: 0 memorised, 8 levels left

rFire  + . .     SeeInvis .     a - +2 long sword
rCold  . . .     Gourm    .     b - +0 scale mail
rNeg   + . .     Faith    .     c - +1 shield
rPois  .         Spirit   .     (no helmet)
rElec  .         Dismiss  .     (no cloak)
rCorr  .         Reflect  +     (no gloves)
SustAt .         Harm     .     (no boots)
MR     +....                    I - +2 amulet of reflection
Stlth  ..........               t - ring of protection from fire
                                l - ring of positive energy

@: lethally poisoned (-1 -> -6), non-regenerating, somewhat resistant to hostile
enchantments, extremely unstealthy
A: damage resistance, recharge devices, sense surroundings 2, slow regeneration
3
a: Device Recharging


You were on level 8 of the Dungeon.
You were full.

You visited 2 branches of the dungeon, and saw 9 of its levels.

You collected 371 gold pieces.
You spent 69 gold pieces at shops.

Inventory:

Hand Weapons
 a - a +2 long sword (weapon)
Missiles
 h - 34 poisoned needles
Armour
 b - a +0 scale mail (worn)
 c - a +1 shield (worn)
Jewellery
 d - an uncursed amulet of the gourmand
 l - a ring of positive energy (left hand)
 t - a ring of protection from fire (right hand)
 G - an uncursed ring of ice
 I - a +2 amulet of reflection (around neck)
Wands
 e - a wand of heal wounds (3/9)
 J - a wand of lightning (0/15)
 P - a wand of random effects (24/48)
 Q - a wand of slowing (8/48)
Scrolls
 i - a scroll of teleportation
 k - 3 scrolls of enchant armour
 s - a scroll of remove curse
 v - a scroll of noise
 w - 2 scrolls of magic mapping {unknown}
 x - 2 scrolls of amnesia {unknown}
 y - a scroll of immolation {unknown}
 A - 2 scrolls of enchant weapon
 F - a scroll of holy word {unknown}
 K - a scroll of fear {unknown}
 L - a scroll of vulnerability {unknown}
 N - a scroll of fog {unknown}
Potions
 g - a potion of resistance
 j - 6 potions of curing
 m - 2 potions of flight
 o - 2 potions of ambrosia
 r - a potion of lignification {unknown}
 u - a potion of agility {unknown}
 B - 2 potions of mutation
 C - a potion of might
 D - a potion of invisibility {unknown}
 H - a potion of heal wounds {unknown}
 M - a potion of haste {unknown}
Books
 z - a book of Debilitation

   Spells                             Type                      Level
   a - Corona                         Hexes                        1
   b - Slow                           Hexes                        2
   c - Gell's Gravitas                Hexes/Translocation          3
   d - Inner Flame                    Hexes/Fire                   3
   e - Cause Fear                     Hexes                        4
   f - Leda's Liquefaction            Hexes/Earth                  4
Comestibles
 f - 5 bread rations
 n - 6 fruits
 p - 3 meat rations
 q - 2 royal jellies
 E - 2 chunks of flesh
 O - 2 slices of pizza


   Skills:
 + Level 3.0 Fighting
 + Level 10.2 Long Blades
 - Level 3.2 Armour
 + Level 1.6 Dodging
 * Level 8.6 Shields
 * Level 5.6 Evocations


You had 8 spell levels left.
You didn't know any spells.

Dungeon Overview and Level Annotations

Branches:
Dungeon (8/15)             Temple (1/1) D:4            Lair (0/8) D:8

Altars:
Ashenzari
Cheibriados
Dithmenos
Elyvilon
Gozag
Kikubaaqudgha
Nemelex Xobeh
Okawaru
Pakellas
Qazlal
Ru
Vehumet
Yredelemnul
Zin

Shops:
D:4 :   D:6 *

Annotations:
D:2 Sigmund


Innate Abilities, Weirdness & Mutations

You are resistant to damage.
You can recharge devices by infusing magical energy.
You passively map the area around you.
You do not regenerate naturally.


Message History

You feel very sick.
You feel sick.
Things that are here:
a robe; a dagger; an orc corpse Why would you want to do that?
Why would you want to do that?
You feel sick. Something hits you.
* * * LOW HITPOINT WARNING * * *
Deactivating autopickup; reactivate with Ctrl-A.
You block the orc's attack.
* * * LOW HITPOINT WARNING * * *
You feel sick. You block something's attack. The orc closely misses you.
* * * LOW HITPOINT WARNING * * *
You feel sick.
An orc wizard appears from thin air!
Reactivating autopickup.
You block the orc wizard's attack. You block the orc's attack.
The orc wizard hits you but does no damage.
You are lethally poisoned!
You die...

#.............#..##.......#
#........)#....#..........#
#.........##..............#
##)........#.............##
#....≈.≈≈..#...##.#.......#
#####...§≈≈≈§§.#...##.#.....[..
#.......≈§.≈§≈.#......#......##
#.......≈.>.≈§§#)....#.......#
#.....§≈≈.≈§§≈@o.[.#.........#
#.....§≈.≈≈≈≈..o...##.......[#
#.<...§.≈≈§§§..#...###.......##
#.)............##### #.........
#.............## ##........
######....###..#* ..>.....
#....# ## , ** ..(..... #....#
* , ........ ###### *,
,........


You could see an orc wizard and an orc.

Vanquished Creatures
  A hippogriff (D:8)
  Menkaure (D:7)
  A hell hound (D:7)
  2 orc warriors (D:7)
  A phantom (D:7)
  4 sky beasts
  3 ogres
  2 centaurs
  A big kobold (D:8)
  A giant frog (D:7)
  A scorpion (D:6)
  A water moccasin skeleton (D:4)
  6 killer bees
  2 howler monkeys
  A crimson imp (D:4)
  A centaur zombie (D:8)
  A jelly (D:6)
  2 giant frog skeletons
  2 hounds
  7 orc priests
  Crazy Yiuf (D:2)
  A centaur skeleton (D:5)
  2 orc wizards
  9 worker ants
  A hound skeleton (D:5)
  2 worker ant zombies
  6 gnolls
  7 adders
  3 shadow imps
  An ooze (D:2)
  2 worms (D:2)
  2 adder skeletons
  3 dart slugs
  6 giant geckos
  22 orcs
  3 ball pythons
  7 bats
  5 giant cockroaches
  5 goblins
  2 hobgoblins
  3 jackals
  7 kobolds
  2 quokkas
  2 giant gecko skeletons (D:6)
  6 giant newts
  A jackal zombie (D:5)
  2 quokka skeletons
  10 rats
164 creatures vanquished.

Vanquished Creatures (others)
  An orc (D:4)
1 creature vanquished.

Grand Total: 165 creatures vanquished

Notes
Turn   | Place    | Note
--------------------------------------------------------------
     0 | D:1      | lightmor the Deep Dwarf Fighter began the quest for the Orb.
     0 | D:1      | Reached XP level 1. HP: 20/20 MP: 1/1
   155 | D:1      | Reached XP level 2. HP: 25/27 MP: 2/2
   696 | D:2      | Reached skill level 3 in Long Blades
   766 | D:2      | Reached XP level 3. HP: 27/33 MP: 3/3
   927 | D:2      | Noticed Sigmund
  1024 | D:2      | Reached XP level 4. HP: 19/40 MP: 4/4
  1624 | D:2      | Noticed Crazy Yiuf
  1634 | D:2      | Killed Crazy Yiuf
  1634 | D:2      | Reached skill level 4 in Long Blades
  1901 | D:3      | Found a stormy altar of Qazlal.
  1909 | D:3      | Reached XP level 5. HP: 32/46 MP: 5/5
  2527 | D:4      | Noticed an ogre
  2536 | D:4      | Killed an ogre
  2536 | D:4      | Reached skill level 5 in Long Blades
  2536 | D:4      | Reached skill level 5 in Shields
  2536 | D:4      | Reached XP level 6. HP: 26/55 MP: 6/6
  2604 | D:4      | Found Bixuejoos's Book Shop.
  2659 | D:4      | Found a staircase to the Ecumenical Temple.
  2669 | Temple   | Entered the Ecumenical Temple
  2990 | D:4      | Reached skill level 6 in Long Blades
  3341 | D:5      | Entered Level 5 of the Dungeon
  3379 | D:4      | Reached XP level 7. HP: 23/61 MP: 6/6
  3711 | D:5      | Found a shadowy altar of Dithmenos.
  4054 | D:4      | Reached skill level 7 in Long Blades
  4545 | D:6      | Found Pasafrite's Assorted Antiques.
  4565 | D:6      | Bought 3 scrolls labeled LUUT ZUOPSIZAI for 69 gold pieces
  4621 | D:6      | Reached XP level 8. HP: 44/68 MP: 7/7
  4719 | D:6      | Reached skill level 8 in Long Blades
  5231 | D:7      | Noticed Menkaure
  5238 | D:7      | Killed Menkaure
  5350 | D:7      | Reached skill level 9 in Long Blades
  5507 | D:7      | Reached skill level 1 in Evocations
  6285 | D:7      | Gained mutation: You passively map the area around you. [Deep Dwarf growth]
  6285 | D:7      | Reached XP level 9. HP: 9/74 MP: 8/8
  6396 | D:8      | Found a staircase to the Lair.
  6511 | D:7      | Reached skill level 10 in Long Blades
  6644 | D:7      | Reached skill level 5 in Evocations
  6785 | D:8      | Found a shadowy altar of Dithmenos.
  6791 | D:8      | Reached skill level 1 in Dodging
  6842 | D:8      | Found an oddly glowing altar of Pakellas.
  6842 | D:8      | Noticed a brown ugly thing
  6895 | D:8      | Upgraded the game from 0.18.1-6-gd335043 to 0.18.1-8-gdd0e5ea
  6898 | D:8      | HP: 3/75 [poisoned by an orc wizard]
  6899 | D:8      | HP: 1/75 [poisoned by an orc wizard]
  6901 | D:8      | Succumbed to an orc wizard's poison

Skill      XL: |  1  2  3  4  5  6  7  8  9 |
---------------+----------------------------+-----
Long Blades    | 3 4 5 6 7 9 10 | 10.2
Shields        | 4 5 6 8 |  8.6
Evocations     | 3 5 |  5.6
Dodging        | 1 |  1.6
Fighting       | 3 |  3.0
Armour         | |  3.2

Action                   |  1- 3 |  4- 6 |  7- 9 || total
-------------------------+-------+-------+-------++-------
Melee: Long sword        |   112 |   186 |   436 ||   734
 Abil: Device Recharging |       |     1 |     5 ||     6
Evoke: Wand              |     1 |     5 |    25 ||    31
  Use: Scroll            |     1 |     7 |     5 ||    13
       Potion            |     1 |       |     2 ||     3
  Eat: Chunk             |     1 |    20 |     9 ||    30
Armor: Scale mail        |    43 |    52 |   107 ||   202
Dodge: Dodged            |    32 |    48 |   122 ||   202
Block: Shield            |    71 |   104 |   311 ||   486
       Reflection        |       |       |     5 ||     5
